Map: 永恒帝国-天梯版

Players

TIME (Oliveira)

  • Race: Terran Terran

Cyan - Winner!

  • Race: Protoss Protoss

Event: DreamHack SC2 Masters 2020 Summer China

VOD

Have the link to the VOD?

Description

Time

  • Played on: July 4, 2020, 9 a.m.
  • Length: 17:25

All games in this series

Show
View Real Time Build Order
Export as new Build Order

TIME Terran 

Build Orders:  

Get SALT Encoding   

  12  0:01  SCV  
  13  0:13  SCV  
  14  0:18  Supply Depot  
  14  0:25  SCV  
  15  0:40  SCV  
  15  0:41  Barracks  
  16  0:44  Refinery  
  16  0:52  SCV  
  17  1:04  SCV  
  18  1:16  SCV  
  19  1:27  Reaper  
  19  1:28  SCV  
  21  1:34  Command Center  
  21  1:44  Orbital Command  
  21  1:52  Supply Depot  
  21  1:59  Marine  
  22  2:07  Factory  
  22  2:10  SCV  
  23  2:20  Refinery  
  23  2:21  Barracks Reactor  
  23  2:22  SCV  
  24  2:33  Barracks  
  24  2:34  SCV  
  25  2:46  SCV  
  25  2:48  Orbital Command  
  26  2:51  Factory Tech Lab  
  26  2:58  Marine x2  
  28  2:59  SCV  
  29  3:10  Cyclone  
  29  3:12  SCV  
  33  3:14  SCV  
  33  3:19  Marine x2  
  35  3:21  Barracks Tech Lab  
  35  3:24  SCV  
  37  3:27  SCV  
  37  3:31  Supply Depot  
  38  3:36  SCV  
  38  3:37  Marine  
  38  3:39  SCV, Marine  
  42  3:42  Stimpack  
  42  3:45  Marine  
  42  3:48  Siege Tank  
  46  3:51  Supply Depot  
  46  3:52  SCV  
  46  3:53  SCV  
  48  3:58  Supply Depot, Marine  
  48  4:00  Marine  
  50  4:04  SCV  
  50  4:05  SCV  
  50  4:08  Starport  
  52  4:12  Marauder  
  53  4:17  SCV, Engineering Bay  
  53  4:19  SCV  
  53  4:22  Marine  
  53  4:23  Marine  
  57  4:28  Refinery  
  57  4:30  SCV  
  58  4:31  SCV  
  58  4:37  Barracks  
  59  4:40  Marauder  
  61  4:46  SCV, Bunker  
  61  4:48  SCV  
  61  4:52  Terran Infantry Weapons Level 1  
  63  4:58  Starport Reactor, Supply Depot  
  63  5:00  Factory Reactor  
  63  5:02  SCV  
  63  5:03  SCV  
  65  5:07  Supply Depot  
  65  5:10  Missile Turret  
  65  5:12  Marine x2  
  67  5:16  SCV  
  67  5:17  SCV  
  67  5:20  Marauder  
  71  5:26  Combat Shield, Marauder  
  73  5:28  SCV  
  73  5:32  SCV, Supply Depot  
  75  5:37  Medivac x2  
  75  5:38  Marine  
  75  5:39  Marine  
  81  5:44  Supply Depot, Refinery  
  81  5:47  Marauder  
  81  5:48  Concussive Shells  
  85  5:50  Widow Mine  
  85  5:54  Marauder, Widow Mine  
  89  5:59  Supply Depot  
  89  6:00  Marine x2  
  91  6:06  Supply Depot, Missile Turret  
  91  6:14  Medivac x2  
  91  6:17  Marauder  
  97  6:19  Marauder, Marine x2  
  97  6:22  Widow Mine  
  103  6:30  Supply Depot  
  105  6:36  Marine x2  
  105  6:41  Command Center  
  105  6:44  Medivac x2  
  105  6:46  Marine  
  112  6:47  Marauder  
  112  6:50  Widow Mine  
  112  6:52  Widow Mine  
  115  6:56  SCV  
  115  7:00  Marine x2  
  118  7:11  Marine  
  118  7:13  Widow Mine  
  121  7:21  SCV  
  113  7:24  Marine  
  113  7:25  Viking x2, Marauder, Marine  
  113  7:26  SCV  
  120  7:32  Marauder  
  120  7:33  SCV  
  123  7:38  SCV  
  123  7:39  Factory Reactor  
  123  7:42  Marine  
  125  7:44  Marine  
  125  7:48  Barracks  
  125  7:49  Terran Infantry Armor Level 1, Barracks  
  126  7:53  SCV, Marauder  
  126  7:56  SCV  
  126  7:58  Missile Turret  
  130  8:00  Marauder  
  132  8:07  Liberator x2  
  132  8:08  Marine x2  
  132  8:09  SCV  
  131  8:21  Marine  
  131  8:22  Marauder, Widow Mine  
  131  8:23  SCV, Widow Mine  
  131  8:24  SCV  
  131  8:25  Orbital Command  
  131  8:26  Marine  
  136  8:30  Marine  
  135  8:35  SCV  
  135  8:36  SCV, Barracks Reactor  
  135  8:37  Armory, Barracks Tech Lab  
  135  8:38  Engineering Bay  
  137  8:41  Supply Depot  
  137  8:44  Widow Mine  
  137  8:47  SCV  
  137  8:48  SCV, Supply Depot  
  141  8:59  Supply Depot  
  141  9:01  SCV, Marauder x3, Marine x2  
  148  9:07  SCV  
  148  9:09  SCV  
  150  9:13  SCV  
  151  9:19  SCV  
  151  9:21  Marine x3, Widow Mine x2  
  151  9:22  Marauder x2  
  163  9:26  Supply Depot, Refinery x2  
  163  9:27  Supply Depot  
  163  9:28  Terran Infantry Weapons Level 2  
  163  9:36  Ghost Academy  
  163  9:39  SCV  
  163  9:40  SCV  
  163  9:44  Marauder, Marine x2, Widow Mine x2  
  173  9:46  Marine  
  173  9:52  Marine x2  
  171  9:53  Marauder  
  164  10:00  SCV  
  164  10:02  SCV  
  154  10:07  Ghost  
  154  10:09  SCV  
  154  10:10  Ghost  
  154  10:13  Ghost  
  155  10:18  Terran Infantry Armor Level 2  
  155  10:19  Marine x2  
  156  10:22  Barracks Reactor  
  156  10:24  Widow Mine x2  
  159  10:31  Medivac x2  
  159  10:34  SCV x2  
  165  10:36  Marine  
  165  10:38  Marine x2  
  165  10:40  Marauder  
  168  10:43  Marine  
  169  10:54  Marauder  
  169  10:56  Marine x2  
  165  10:59  Marine x2  
  165  11:01  Marauder  
  165  11:03  Widow Mine x2  
  170  11:11  Ghost  
  167  11:15  Ghost  
  120  11:26  Marauder, Marine x2  
  120  11:28  SCV  
  120  11:31  Marine x2  
  114  11:34  SCV x2  
  114  11:39  Ghost  
  112  11:40  SCV  
  112  11:43  Marine  
  112  11:44  Marine  
  112  11:46  Liberator x2  
  116  11:47  Widow Mine x2  
  116  11:48  SCV  
  116  11:49  SCV  
  116  11:50  Marine  
  121  12:00  Marine x2  
  121  12:01  SCV, Marauder  
  110  12:06  Marine x2  
  110  12:07  SCV  
  105  12:09  SCV  
  105  12:13  SCV  
  105  12:14  Marine  
  105  12:15  Ghost  
  108  12:18  Marine  
  108  12:19  SCV  
  108  12:21  SCV  
  112  12:29  Medivac x2, Marine  
  120  12:30  Marine, Widow Mine x2  
  120  12:31  Marauder x2  
  120  12:35  Marine  
  127  12:39  SCV x2, Enhanced Shockwaves  
  127  12:40  Marine  
  130  12:44  Marauder  
  130  12:47  Terran Infantry Weapons Level 3, Marine  
  130  12:49  Marine  
  132  12:52  Marine x2  
  132  12:53  Marine  
  132  12:56  SCV  
  136  12:59  Marine  
  136  13:01  Widow Mine x2  
  136  13:05  Medivac x2  
  135  13:13  Marine x2  
  135  13:14  Marauder  
  135  13:18  Terran Infantry Armor Level 3, Marine  
  135  13:19  Marine  
  140  13:20  SCV  
  140  13:26  Marine  
  142  13:29  SCV  
  142  13:31  Ghost  
  142  13:33  Widow Mine x2  
  148  13:40  Marine x3  
  148  13:41  Marauder, Marine  
  154  13:46  Supply Depot  
  152  13:50  Marine  
  152  13:58  Marine  
  152  14:00  Marauder  
  152  14:05  SCV  
  147  14:10  Viking  
  147  14:11  Viking, SCV  
  147  14:13  Ghost, Marauder, Marine x2  
  158  14:17  Marine x2  
  158  14:21  Widow Mine  
  158  14:23  Widow Mine  
  158  14:24  Marine  
  163  14:36  Marauder, Marine x2  
  167  14:42  Marauder  
  169  14:48  Marine  
  166  15:00  Command Center  
  148  15:11  Medivac, Marauder, Marine x2  
  148  15:12  Medivac  
  148  15:13  Marine  
  123  15:15  Marine  
  123  15:19  Marauder, Marine  
  123  15:21  Widow Mine  
  119  15:28  Marine  
  119  15:35  Marauder, Marine x3  
  121  15:45  Missile Turret, Marine  
  121  15:46  Marine  
  125  15:51  Viking  
  118  16:02  Marine x2  
  118  16:03  Marauder  
  103  16:09  Marine  
  103  16:10  Marauder  
  96  16:12  Marine  
  97  16:18  Marine  
  98  16:27  Marine x2  
  98  16:29  Marine  
  101  16:37  Marine x2  
  101  16:38  Marine x2  
  79  16:46  Widow Mine  
  77  16:47  Widow Mine  
  77  16:50  SCV  
  77  16:54  Marine x2  
  64  16:56  Marauder  
Show
View Real Time Build Order
Export as new Build Order

Cyan Protoss - Winner!

Build Orders: 1 Gate Expand, Phoenix Opening, Blink Stalkers 

Get SALT Encoding   

  12  0:00  Probe  
  13  0:12  Probe  
  14  0:19  Pylon  
  14  0:24  Probe  
  15  0:33  Probe  
  15  0:38  Gateway  
  15  0:41  Probe  
  16  0:47  Assimilator  
  17  0:52  Probe  
  19  1:04  Probe  
  19  1:16  Probe  
  20  1:26  Cybernetics Core  
  20  1:35  Nexus  
  20  1:37  Probe  
  21  1:44  Pylon  
  21  1:49  Probe  
  21  1:51  Assimilator  
  22  1:55  Adept  
  22  2:01  Probe  
  22  2:06  Warp Gate  
  25  2:13  Probe  
  26  2:17  Sentry  
  26  2:25  Probe  
  29  2:36  Shield Battery  
  28  2:37  Probe  
  29  2:47  Probe  
  29  2:49  Twilight Council  
  29  2:50  Probe  
  31  2:53  Stalker  
  31  2:54  Phoenix  
  31  2:56  Probe  
  33  3:02  Probe  
  35  3:06  Probe, Blink, Gateway  
  36  3:14  Probe  
  36  3:18  Probe  
  38  3:26  Probe x2  
  39  3:34  Probe  
  40  3:38  Probe  
  42  3:45  Probe  
  42  3:47  Pylon  
  43  3:50  Probe  
  43  3:54  Robotics Facility  
  44  3:57  Probe  
  44  3:59  Nexus  
  45  4:06  Probe  
  46  4:13  Stalker x2  
  46  4:16  Probe  
  51  4:20  Probe  
  52  4:24  Pylon  
  52  4:28  Probe  
  53  4:32  Probe  
  53  4:33  Pylon x2  
  54  4:43  Probe, Observer  
  54  4:44  Stalker x2  
  60  4:46  Probe  
  60  4:51  Gateway  
  60  4:52  Gateway  
  61  4:53  Charge  
  61  4:58  Gateway  
  61  5:00  Gateway  
  61  5:01  Probe  
  61  5:06  Observer  
  63  5:11  Gateway  
  63  5:14  Gateway  
  63  5:15  Pylon  
  63  5:16  Probe x2  
  63  5:17  Probe  
  66  5:27  Warp Prism  
  66  5:29  Sentry, Zealot  
  66  5:30  Probe, Shield Battery  
  66  5:31  Probe  
  72  5:39  Probe  
  72  5:42  Probe  
  76  5:47  Zealot  
  76  5:48  Zealot  
  80  5:50  Zealot  
  80  5:55  Zealot x2  
  85  6:09  Zealot  
  85  6:10  Zealot x3  
  93  6:13  Pylon  
  93  6:14  Pylon  
  93  6:15  Pylon, Zealot x2  
  93  6:16  Probe, Zealot  
  93  6:17  Probe  
  101  6:27  Pylon  
  101  6:29  Pylon  
  101  6:34  Zealot x5  
  111  6:41  Zealot x2  
  111  6:42  Zealot  
  111  6:45  Pylon, Observer  
  118  6:49  Forge  
  118  6:51  Forge  
  116  6:59  Stalker x4, Protoss Ground Weapons Level 1  
  121  7:05  Protoss Ground Armor Level 1  
  121  7:10  Zealot x4  
  123  7:26  Zealot x4  
  127  7:36  Zealot x4  
  135  7:40  Pylon  
  135  7:42  Pylon  
  135  7:51  Stalker x3  
  135  7:55  Pylon  
  135  7:57  Pylon  
  141  7:59  Stalker, Zealot x3  
  141  8:05  Zealot  
  129  8:22  Zealot x3  
  129  8:23  Zealot  
  129  8:26  Zealot  
  129  8:27  Zealot x2  
  139  8:31  Zealot  
  139  8:35  Nexus  
  139  8:36  Pylon  
  139  8:39  Probe x3  
  139  8:40  Assimilator  
  139  8:41  Templar Archives  
  142  8:44  Assimilator  
  142  8:51  Probe x2  
  142  9:03  Psionic Storm  
  142  9:04  Probe x2  
  142  9:06  Probe  
  142  9:09  Warp Prism  
  147  9:13  Photon Cannon  
  147  9:15  Photon Cannon  
  147  9:16  Probe x2, Shield Battery, Photon Cannon  
  149  9:18  Probe  
  149  9:21  Assimilator  
  150  9:24  High Templar  
  150  9:25  Assimilator, High Templar  
  150  9:29  Probe  
  150  9:30  Probe  
  150  9:31  Gateway  
  156  9:32  Gateway  
  156  9:37  Archon  
  152  9:47  High Templar  
  154  9:53  Zealot x5  
  154  9:59  High Templar  
  158  10:06  Stalker  
  143  10:14  Probe x3  
  132  10:18  Probe  
  132  10:21  Photon Cannon  
  131  10:23  Photon Cannon  
  131  10:24  High Templar x3  
  131  10:25  Photon Cannon  
  131  10:26  Zealot x3  
  131  10:27  Shield Battery  
  143  10:29  Probe x2  
  143  10:30  Probe x2  
  143  10:34  Zealot x3  
  153  10:36  High Templar  
  153  10:41  Probe x2  
  153  10:42  Protoss Ground Weapons Level 2  
  155  10:47  Zealot x2  
  157  10:51  Observer  
  151  10:58  Zealot x2  
  151  10:59  Zealot x5  
  162  11:16  Warp Prism  
  152  11:20  Archon  
  152  11:23  Zealot x10  
  150  11:26  Protoss Ground Armor Level 2  
  140  11:37  Probe x3  
  131  11:51  High Templar x2  
  131  11:52  Zealot x5, High Templar x2  
  131  11:54  Warp Prism  
  131  11:57  Zealot x8  
  131  11:58  Zealot x2  
  111  12:05  High Templar x3  
  111  12:06  High Templar x2  
  115  12:12  High Templar  
  115  12:13  Zealot, High Templar x2  
  115  12:15  Probe x3  
  118  12:27  Nexus  
  118  12:29  Pylon  
  118  12:30  Warp Prism  
  118  12:35  Stalker x2  
  124  12:40  Zealot  
  126  12:45  Zealot x3  
  126  12:46  Zealot x4  
  126  12:47  Robotics Bay  
  126  12:49  Assimilator  
  126  12:51  Robotics Facility  
  140  12:53  Assimilator  
  140  12:54  Gateway  
  140  12:56  Gateway  
  140  13:05  Stalker x3  
  145  13:17  Zealot  
  145  13:18  Zealot x3  
  145  13:19  Zealot  
  155  13:20  Zealot x2  
  155  13:22  Dark Shrine  
  155  13:26  Nexus  
  151  13:30  Extended Thermal Lance, Pylon  
  151  13:31  Colossus  
  151  13:32  Colossus  
  151  13:35  Protoss Ground Weapons Level 3  
  151  13:37  Stalker x3  
  163  13:58  Zealot x2  
  163  13:59  Zealot x7  
  179  14:04  Photon Cannon  
  179  14:05  Photon Cannon  
  159  14:12  Colossus x2  
  151  14:25  Shadow Stride  
  161  14:42  Stalker  
  161  14:43  Stalker x3  
  161  14:44  Zealot x3  
  171  14:49  Zealot  
  173  14:52  Dark Templar  
  173  14:53  Dark Templar  
  177  15:01  Observer  
  132  15:15  Zealot x8  
  132  15:16  Zealot  
  142  15:32  Zealot x2, Assimilator  
  142  15:36  Assimilator  
  142  15:40  Stalker x5  
  142  15:41  High Templar  
  142  15:42  High Templar  
  152  15:45  High Templar x2  
  152  15:46  Archon  
  152  15:47  High Templar, Observer  
  159  15:50  Archon  
  123  16:06  Stalker  
  123  16:07  Stalker x5  
  123  16:11  High Templar  
  127  16:15  Stalker  
  127  16:16  Stalker  
  129  16:19  Stalker  
  129  16:25  Dark Templar x2  
  129  16:31  Zealot x2  
  135  16:37  Zealot x2  
  114  16:40  Zealot  
  114  16:43  Stalker  
  116  16:47  Stalker  
  116  16:52  Archon  
Tags
 
Add a new tag
Caveats
  • Supply blocks, unpowered buildings, or Contaminate may cause inaccurate times.
  • Supply counts are checked every 10 seconds.